 Dungeon Crawl Stone Soup version 0.28-a0-511-gcc94558de3 (webtiles) character file.

Game seed: 3130931594983723239

12933 Squid the Basher (level 11, 0/156 HPs)
             Began as a Minotaur Berserker on Sept 21, 2021.
             Was a High Priest of Trog.
             Succumbed to a cane toad's poison
             ... on level 1 of the Lair of Beasts.
             The game lasted 00:20:14 (11725 turns).

Squid the Basher (Minotaur Berserker)              Turns: 11725, Time: 00:20:15

Health: 0/156      AC: 18    Str: 25    XL:     11   Next: 69%
Magic:  10/10      EV: 13    Int:  5    God:    Trog [*****.]
Gold:   1216       SH:  0    Dex: 12    Spells: 10/10 levels left

rFire   . . .      SeeInvis .   p - +4 great mace (drain)
rCold   . . .      Faith    .   (shield currently unavailable)
rNeg    . . .      Spirit   .   j - +2 chain mail
rPois   .          Reflect  .   (helmet restricted)
rElec   .          Harm     .   l - +0 cloak
rCorr   +          Rampage  .   b - +0 pair of gloves
Will    +....                   (no boots)
Stlth   ..........              (no amulet)
HPRegen 0.36/turn               k - ring of willpower
MPRegen 0.12/turn               t - ring of the Octopus King {rCorr AC+1 EV+1 Str+1 Int+1 Dex+1}

@: berserking (expiring), lethally poisoned (0 -> -16), very quick
A: horns 2, retaliatory headbutt
a: Renounce Religion, Berserk, Trog's Hand, Brothers in Arms


You were on level 1 of the Lair of Beasts.
You worshipped Trog.
Trog was extremely pleased with you.
You visited 2 branches of the dungeon, and saw 11 of its levels.
You also visited: Bailey.

You collected 1216 gold pieces.

Inventory:

Hand Weapons
 p - a +4 great mace of draining (weapon)
Armour
 b - a +0 pair of gloves (worn)
 j - a +2 chain mail (worn)
 l - a +0 cloak (worn)
Jewellery
 k - a ring of willpower (left hand)
 t - a ring of the Octopus King (right hand) {rCorr AC+1 EV+1 Str+1 Int+1 Dex+1}
   (You found it in a bailey)

   [ring of resist corrosion]

   AC:        It affects your AC (+1).
   EV:        It affects your evasion (+1).
   Str:       It affects your strength (+1).
   Int:       It affects your intelligence (+1).
   Dex:       It affects your dexterity (+1).
   rCorr:     It protects you from acid and corrosion.
Wands
 h - a wand of flame (32) (quivered)
Scrolls
 a - 9 scrolls of teleportation
 g - 5 scrolls of identify
 n - 4 scrolls of magic mapping
Potions
 c - 3 potions of might
 d - 2 potions of haste
 e - a potion of berserk rage
 f - 3 potions of mutation
 o - a potion of invisibility
 q - a potion of flight
 s - a potion of heal wounds


   Skills:
 + Level 11.9 Fighting
 + Level 11.9 Maces & Flails
 + Level 11.6 Armour
 + Level 10.6 Dodging


You had 10 spell levels left.
You didn't know any spells.
Your spell library was empty.

Dungeon Overview and Level Annotations

Branches:
Dungeon (10/15)            Temple (0/1) D:6            Lair (1/6) D:10
    Orc (0/2) D:10         Bailey (visited)

Altars:
Cheibriados
Dithmenos
Hepliaklqana
Kikubaaqudgha
Nemelex Xobeh
Qazlal
Sif Muna
Uskayaw
Vehumet
Wu Jian
Xom
Zin


Innate Abilities, Weirdness & Mutations

You have a pair of horns on your head.
You reflexively headbutt those who attack you in melee.


Message History

The komodo dragon is heavily wounded.
You feel very sick. The komodo dragon closely misses you.
You bludgeon the komodo dragon!!
You feel the power of Trog in you as your rage grows.
You kill the komodo dragon!
Trog accepts your kill.
You feel sick. The cane toad stings you.
* * * LOW HITPOINT WARNING * * *
You feel sick.
The cane toad stings you but does no damage.
You completely miss the cane toad.
The cane toad is heavily wounded.
You feel sick. The cane toad stings you!
* * * LOW HITPOINT WARNING * * *
You are lethally poisoned!
The cane toad poisons you!
You thump the cane toad! You headbutt the cane toad.
The cane toad is almost dead.
* * * LOW HITPOINT WARNING * * *
You feel very sick. The cane toad closely misses you.
You bludgeon the cane toad!!
You feel the power of Trog in you as your rage grows.
You kill the cane toad!
Trog accepts your kill.
* * * LOW HITPOINT WARNING * * *
You feel very sick.
* * * LOW HITPOINT WARNING * * *
You feel very sick.
There is a lethal amount of poison in your body!
There is a lethal amount of poison in your body!
There is a lethal amount of poison in your body!
You are too berserk!
You are too berserk!
Okay, then.
You feel a strong urge to attack something.
* * * LOW HITPOINT WARNING * * *
You feel very sick.
You die...

#..##.#.. .
.##..#.#..# .#
.......#..#### .
#####
#.........#.##.# .
.....
##............#.# ..
^....
#.........#.....#...
....
#.........#.......#
....
#..#####..#†......#
.##.### #..#.@.P...+
....... #..#...#...#
.#+.## #..#...#.#+#
.#.... #..#.... .
....... #..########
..#..#. #.........
.......
.#.###.........
.......
...........####
#.#####.#.
..#######...#
#.#......#


There were no monsters in sight!

Vanquished Creatures
  2 two-headed ogres
  An orc knight (Bailey)
  3 cane toads (Lair:1)
  A komodo dragon (Lair:1)
  A troll (D:10)
  35 yaks
  A wyvern (D:9)
  2 wargs (D:10)
  Menkaure (D:7)
  4 water moccasins
  3 black bears
  4 orc warriors
  2 sky beasts
  An ice beast (D:6)
  A necrophage (D:4)
  2 ogres
  2 centaurs
  A phantom (D:6)
  A kobold brigand (D:8)
  2 bullfrogs (D:7)
  A wyvern zombie (D:7)
  A scorpion (D:7)
  3 killer bees (D:10)
  9 wights
  3 howler monkeys
  4 crimson imps (D:6)
  4 centaur zombies
  3 centaur skeletons
  A hound (D:5)
  5 orc priests
  2 bullfrog skeletons
  A jelly (D:6)
  4 iguanas
  Natasha (thrice) (D:2)
  7 orc wizards
  A howler monkey zombie (D:10)
  A gnoll (Bailey)
  10 adders
  2 shadow imps
  2 white imps
  An adder skeleton (D:4)
  A worm (D:2)
  The ghost of SirDiesAlot the Sneak, a weakling MiDe (D:5)
  5 dart slugs
  28 orcs
  3 endoplasms (D:1)
  A giant cockroach (D:2)
  11 goblins
  9 hobgoblins
  7 jackals
  7 quokkas
  5 ball pythons
  4 bats
  7 frilled lizards
  16 kobolds
  6 rats
249 creatures vanquished.

Vanquished Creatures (others)
  9 fungi (D:4)
  2 plants (D:3)
11 creatures vanquished.

Grand Total: 260 creatures vanquished

Notes
Turn   | Place    | Note
-------+----------+-------------------------------------------
     0 | D:1      | Squid the Minotaur Berserker began the quest for the Orb.
     0 | D:1      | Reached XP level 1. HP: 19/19 MP: 0/0
   202 | D:1      | Reached XP level 2. HP: 27/27 MP: 1/1
   564 | D:1      | Found a faded altar of an unknown god.
   794 | D:2      | Reached XP level 3. HP: 25/33 MP: 2/2
   958 | D:2      | Noticed Natasha
   964 | D:2      | Killed Natasha
   964 | D:2      | Reached ** piety under Trog
  1068 | D:2      | Noticed Natasha
  1075 | D:2      | Killed Natasha
  1076 | D:2      | Reached XP level 4. HP: 38/41 MP: 3/3
  1270 | D:2      | Noticed Natasha
  1275 | D:2      | Killed Natasha
  2063 | D:3      | Reached XP level 5. HP: 44/47 MP: 4/4
  2491 | D:3      | Found an ornate altar of the Wu Jian Council.
  2674 | D:3      | Reached *** piety under Trog
  3257 | D:4      | Noticed a black bear
  3267 | D:4      | Killed a black bear
  3268 | D:4      | Reached skill level 5 in Fighting
  3268 | D:4      | Reached skill level 5 in Maces & Flails
  3305 | D:4      | Reached XP level 6. HP: 49/56 MP: 5/5
  3958 | D:4      | Found a shadowy altar of Dithmenos.
  3973 | D:4      | Reached skill level 5 in Armour
  3973 | D:4      | Reached XP level 7. HP: 51/62 MP: 6/6
  4155 | D:5      | Entered Level 5 of the Dungeon
  4526 | D:5      | Reached skill level 5 in Dodging
  4847 | D:5      | Identified the +10 mace of Untruth {vorpal, rC++ Int+2}
  5069 | D:5      | Found a runed translucent door.
  5074 | D:5      | Noticed SirDiesAlot's ghost (weakling MiDe)
  5401 | D:5      | Killed SirDiesAlot's ghost
  5675 | D:6      | Found a hazy altar of Hepliaklqana.
  5683 | D:6      | Reached XP level 8. HP: 71/71 MP: 7/7
  5749 | D:6      | Found a shimmering altar of Xom.
  6323 | D:6      | Found a snail-covered altar of Cheibriados.
  6330 | D:6      | Reached **** piety under Trog
  6333 | D:6      | Found a radiant altar of Vehumet.
  6362 | D:6      | Found a stormy altar of Qazlal.
  6496 | D:6      | Found a staircase to the Ecumenical Temple.
  6701 | D:6      | Found a shadowy altar of Dithmenos.
  6863 | D:7      | Reached XP level 9. HP: 74/81 MP: 8/8
  6981 | D:7      | Noticed Menkaure
  6987 | D:7      | Killed Menkaure
  7091 | D:7      | Found a flagged portal.
  7104 | Bailey   | Entered a bailey
  7149 | Bailey   | Noticed an orc knight
  7149 | Bailey   | Found the ring of the Octopus King
  7150 | Bailey   | Found a bloodstained altar of Trog.
  7164 | Bailey   | Killed an orc knight
  7215 | Bailey   | Identified a ring of the Octopus King {rCorr AC+1 EV+1
                  | Str+1 Int+1 Dex+1}
  7523 | D:8      | Reached XP level 10. HP: 32/91 MP: 9/9
  7859 | D:8      | Reached ***** piety under Trog
  8229 | D:8      | Found an ancient bone altar of Kikubaaqudgha.
  8260 | D:8      | You fall into a shaft and drop 1 floor!
  8355 | D:8      | Noticed a two-headed ogre
  8391 | D:8      | Reached skill level 10 in Fighting
  8392 | D:8      | Reached skill level 10 in Maces & Flails
  8397 | D:8      | Killed a two-headed ogre
  8401 | D:8      | Reached skill level 10 in Armour
  8547 | D:8      | Found a glowing silver altar of Zin.
  8594 | D:8      | Found a hide-covered altar of Uskayaw.
  8723 | D:9      | Noticed a two-headed ogre
  8737 | D:9      | Killed a two-headed ogre
  8742 | D:9      | Received a gift from Trog
  8750 | D:9      | HP: 4/90 [wight (9)]
  8750 | D:9      | HP: 1/87 [wight (3)]
  9061 | D:9      | Reached XP level 11. HP: 56/96 MP: 10/10
  9445 | D:9      | Found a sparkling altar of Nemelex Xobeh.
 10057 | D:9      | Reached skill level 10 in Dodging
 10422 | D:9      | Identified a scroll of acquirement
 10422 | D:9      | Acquired a +4 great mace of draining
 10483 | D:10     | Entered Level 10 of the Dungeon
 10619 | D:10     | Found a staircase to the Orcish Mines.
 11212 | D:10     | Found a shimmering blue altar of Sif Muna.
 11631 | D:10     | Found a staircase to the Lair.
 11640 | Lair:1   | Entered Level 1 of the Lair of Beasts
 11723 | Lair:1   | HP: 6/156 [poisoned by a cane toad]
 11725 | Lair:1   | Succumbed to a cane toad's poison

Illustrated notes

Levels and vault maps discovered:
D:1:      minmay_arrival_doors, layout_loops_ring,
          hellmonk_ecumenical_altar_run_dry
D:2:      layout_basic, chequers_serial_rivers_large_b,
          chequers_serial_rivers_large_a, uniq_natasha
D:3:      layout_loops_corners, pdpol_wu_jian_five_deadly_venoms,
          lexackson_kobold_supper
D:4:      layout_loops_ring, serial_aquarium, aquarium_bridge_square
          [aquarium_subvault_balcony, aquarium_subvault_bridge,
          aquarium_subvault_window, aquarium_subvault_window],
          aquarium_window_2, aquarium_window_1, aquarium_window_1,
          aquarium_view_2d, aquarium_balcony_3b, aquarium_pool_corner,
          kennysheep_diamond, serial_bayou_pond_d
D:5:      layout_basic, ebering_ghost_sewer_d
D:6:      layout_rooms, grunt_dithmenos_shadows, led_xom_imps,
          lemuel_crystal_altar, grunt_temple_overflow_open,
          minmay_temple_entry_drinking_statues, minmay_stone_trees_large,
          chequers_jeans
D:7:      layout_rooms, enter_bailey_3, minmay_crystal_room, uniq_menkaure
D:8:      layout_rooms, mainiacjoe_overflow_tiny_flanked, lemuel_crystal_altar,
          lemuel_coloured_pillars_altar
D:9:      layout_layer_cave, nemelex_xobeh_ov_fountains_minmay
D:10:     layout_basic, tgw_sif, lair_entry_dummy, erik_orc_4,
          small_statue_alley_a
Lair:1:   layout_chaotic_city, beast_lair_carwin_7, uniq_gastronok, uniq_joseph

Skill      XL: |  1  2  3  4  5  6  7  8  9 10 11 |
---------------+----------------------------------+-----
Maces & Flails | 4 5 6 7 9 10 11 | 11.9
Fighting       | 4 5 6 8 9 10 11 | 11.9
Armour         | 3 4 5 6 7 9 10 11 | 11.6
Dodging        | 3 4 5 6 8 9 10 | 10.6

Action                   |  1- 3 |  4- 6 |  7- 9 | 10-12 || total
-------------------------+-------+-------+-------+-------++-------
Melee: Mace              |    56 |   114 |   196 |   151 ||   517
       Headbutt          |    14 |    10 |    38 |    49 ||   111
       Great mace        |       |       |       |    92 ||    92
Invok: Berserk           |       |     1 |     2 |     3 ||     6
       Trog's Hand       |       |       |       |     2 ||     2
Evoke: Wand              |       |     3 |       |     3 ||     6
  Use: Scroll            |     2 |     6 |     6 |     6 ||    20
       Potion            |       |       |     5 |       ||     5
 Stab: Sleeping          |     1 |       |       |       ||     1
       Invisible         |       |       |     1 |       ||     1
Armor: Animal skin       |     8 |       |       |       ||     8
       Leather armour    |     9 |     6 |       |       ||    15
       Chain mail        |       |    94 |   136 |   121 ||   351
Dodge: Dodged            |    37 |    92 |   105 |   173 ||   407
Block: Buckler           |       |       |       |     2 ||     2

Table legend: (Time is in decaauts)
 A = Elapsed time spent in this place.
 B = Non-inter-level travel time spent in this place.
 C = Inter-level travel time spent in this place.
 D = Time resting spent in this place.
 E = Time spent auto-exploring this place.
 F = Levels seen in this place.
 G = Mean time per level.
                   A        B        C        D        E       F      G
               +--------+--------+--------+--------+--------+-----+--------+
         Total |  11827 |  11174 |    653 |    853 |   8672 |  12 |  985.6 |
       Dungeon |  11601 |  10948 |    653 |    810 |   8601 |  10 | 1160.1 |
          Lair |     82 |     82 |      0 |      0 |     57 |   1 |   82.0 |
        Bailey |    143 |    143 |      0 |     42 |     14 |   1 |  143.0 |
               +--------+--------+--------+--------+--------+-----+--------+

Top non-repeatable levels by time:
     D:9: 1579 daAuts
     D:5: 1530 daAuts
     D:8: 1419 daAuts
     D:2: 1283 daAuts
     D:3: 1266 daAuts
    D:10: 1167 daAuts
     D:6: 1163 daAuts
     D:4: 912 daAuts
     D:1: 761 daAuts
     D:7: 519 daAuts
  Bailey: 143 daAuts
  Lair:1: 82 daAuts
